 Dungeon Crawl Stone Soup version 0.30-a0-322-g102857c98e (webtiles) character file.

Game seed: 12351750882585389283

39442 oldmanjim the Thaumaturge (level 14, -12/116 HPs)
             Began as a Djinni Earth Elementalist on Oct 25, 2022.
             Was a Priest of Ashenzari.
             Mangled by a komodo dragon (26 damage)
             ... on level 5 of the Lair of Beasts on Oct 27, 2022.
             The game lasted 02:44:32 (17100 turns).

oldmanjim the Thaumaturge (DjEE)                   Turns: 17100, Time: 02:44:34

Health: -12/116    AC:  9    Str:  7    XL:     14   Next: 39%
Gold:   666        EV: 16    Int: 23    God:    Ashenzari [***...] SH:  0 Dex: 16

rFire   + + +      SeeInvis +    a - +10 mace of Gluttony {venom, rElec Will+}
rCold   + . .      Faith    .    (no shield)
rNeg    . . .      Spirit   .    v - +2 leather armour {rF+}
rPois   ∞          Reflect  .    G - +2 hat "Overhang to Understand" {Melee, Self} (curse)
rElec   +          Harm     .    R - +0 cloak "Omission of Ashenzari" {rF+, Evo, Self} (curse)
rCorr   .          Rampage  .    J - +0 pair of gloves
Will    ++...      Clarity  +    (boots unavailable)
Stlth   ++........               y - amulet of the Elysian Annoyance {RegenMP, Self, Melee} (curse)
HPRegen 0.39/turn                s - ring of Ashenzari's Submission {Ice, Melee, Self} (curse)
MPRegen 0.00/turn                i - ring "Gabeynt" {Wiz rC+ Int+3}

@: flying
A: sickness immunity, fire resistance 2, cold vulnerability 1, float, innate
caster, HP casting, extra vitality 1
a: Renounce Religion, Shatter the Chains


You were on level 5 of the Lair of Beasts.
You worshipped Ashenzari.
Ashenzari was most pleased with you.
You visited 3 branches of the dungeon, and saw 16 of its levels.
You also visited: Sewer and Volcano.

You collected 1095 gold pieces.
You spent 429 gold pieces at shops.

Inventory:

Hand Weapons
 a - the +10 mace of Gluttony (weapon) {venom, rElec Will+}
   (You found it on level 8 of the Dungeon)

   It poisons the flesh of those it strikes.
   rElec:     It insulates you from electricity.
   Will:      It increases your willpower.
 b - the +6 sling "Huroaz" {vorpal, *Slow rF+ Str+2}
   (You took it off a hobgoblin on level 3 of the Dungeon)

   Any ammunition fired from it inflicts extra damage upon your enemies.
   Str:       It affects your strength (+2).
   rF:        It protects you from fire.
   *Slow:     It may slow you when you take damage.
Missiles
 k - 136 stones
 m - a throwing net
 A - 17 poisoned darts
 I - 4 boomerangs
 K - 2 boomerangs of dispersal
 N - 2 curare-tipped darts
Armour
 v - a +2 leather armour of fire resistance (worn)
 G - the cursed +2 hat "Overhang to Understand" (worn) {Melee, Self}
   (You found it on level 6 of the Dungeon)

   It has a curse which improves the following skills: Melee Combat: Short
   Blades, Long Blades, Axes, Maces & Flails, Polearms, Staves and Unarmed
   Combat.
   Introspection: Fighting and Spellcasting.
 J - a +0 pair of gloves (worn)
 L - an orb of wrath
 R - the cursed +0 cloak "Omission of Ashenzari" (worn) {rF+, Evo, Self}
   (You found it in a volcano)

   It has a curse which improves the following skills: Evocations: Evocations.
   Introspection: Fighting and Spellcasting.
 V - +0 fire dragon scales
Magical Staves
 z - a staff of conjuration
Jewellery
 i - the ring "Gabeynt" (right hand) {Wiz rC+ Int+3}
   (You acquired it on level 1 of the Lair of Beasts)

   [ring of wizardry]

   It improves your spell success rate.
   Int:       It affects your intelligence (+3).
   rC:        It protects you from cold.
 s - the cursed ring of Ashenzari's Submission (left hand) {Ice, Melee, Self}
   (You found it on level 3 of the Dungeon)

   [ring of ice]

   It enhances your ice magic.
   rF:        It makes you vulnerable to fire.
   rC:        It protects you from cold.
   It has a curse which improves the following skills: Melee Combat: Short
   Blades, Long Blades, Axes, Maces & Flails, Polearms, Staves and Unarmed
   Combat.
   Introspection: Fighting and Spellcasting.
 y - the cursed amulet of the Elysian Annoyance (around neck) {RegenMP, Self, Melee}
   (You found it on level 4 of the Dungeon)

   [amulet of magic regeneration]

   It increases your rate of magic regeneration.
   It has a curse which improves the following skills: Introspection: Fighting
   and Spellcasting.
   Melee Combat: Short Blades, Long Blades, Axes, Maces & Flails, Polearms,
   Staves and Unarmed Combat.
Wands
 d - a wand of light (4)
 p - a wand of digging (7)
 D - a wand of charming (19)
Scrolls
 c - 4 scrolls of poison
 f - a scroll of vulnerability
 h - 2 scrolls of blinking
 n - 4 scrolls of immolation
 q - 2 scrolls of fear
 r - a scroll of silence
 t - a scroll of fog
 u - a scroll of teleportation
 x - 2 scrolls of brand weapon
 B - a scroll of summoning
 H - 5 scrolls of enchant weapon
 S - a scroll of magic mapping
Potions
 e - 5 potions of attraction
 g - 4 potions of mutation
 j - 5 potions of might
 l - 3 potions of cancellation
 o - 6 potions of curing
 w - 6 potions of brilliance
 C - 3 potions of invisibility
 F - a potion of berserk rage
 O - 2 potions of heal wounds
 T - a potion of resistance
Miscellaneous
 E - a box of beasts


   Skills:
 + Level 12.2(16.1) Fighting
 - Level 2.0 Ranged Weapons
 + Level 2.4 Armour
 - Level 10.0 Dodging
 - Level 1.5 Stealth
 + Level 13.0(16.9) Spellcasting
 - Level 8.3(10.0) Evocations


You had 17 spell levels left.
You knew the following spells:

 Your Spells              Type           Power      Damage    Failure   Level
a - Sandblast             Erth           100%       2d20      0%          1
b - Passwall              Tmut/Erth      64%        N/A       0%          2
c - Stone Arrow           Conj/Erth      100%       3d13      0%          3
d - Petrify               Tmut/Erth      77%        N/A       1%          4
e - Sting                 Tmut/Pois      100%       1d8       0%          1
f - Momentum Strike       Conj/Tloc      100%       3d10      0%          2
g - Mephitic Cloud        Conj/Pois/Air  77%        N/A       0%          3
h - Ignite Poison         Fire/Tmut/Pois 77%        N/A       0%          3
i - Summon Forest         Summ/Tloc      38%        N/A       1%          5
j - Yara's Violent Unrav  Hex/Tmut       38%        3d15      1%          5
Your spell library was empty.

Dungeon Overview and Level Annotations

Branches:
Dungeon (10/15)            Temple (1/1) D:4            Lair (5/5) D:9
  Swamp (0/4) Lair:3        Snake (0/4) Lair:2        Slime (0/5) Lair:5
  Sewer (visited)         Volcano (visited)
    Orc: D:9-12

Altars:
Ashenzari
Cheibriados
Dithmenos
Elyvilon
Fedhas
Gozag
Hepliaklqana
Makhleb
Nemelex Xobeh
Okawaru
Qazlal
Ru
Trog
Uskayaw
Wu Jian
Xom
Yredelemnul
Zin
The Shining One

Shops:
D:2 [

Portals:
Ice
Cave: Lair:5

Annotations:
D:3 1 runed translucent door, Sweetruy1997's ghost, amateur DsCK
D:6 1 runed translucent door, Crazy Yiuf
D:8 1 runed translucent door
D:9 1 transporter
Lair:5 1 runed translucent door


Innate Abilities, Weirdness & Mutations

You are immune to sickness and miasma.
You are immune to poison.
Your flesh is very heat resistant. (rF++)
You are vulnerable to cold. (rC-)
You float through the air rather than walking.
You learn spells naturally, not from books.
Your magical power is your life essence.
You have superior vitality. (+4 MHP)


Message History

The stone arrow hits the komodo dragon!
The komodo dragon is lightly wounded.
* * * LOW HITPOINT WARNING * * *
The komodo dragon bites you!!
* * * LOW HITPOINT WARNING * * *
The komodo dragon stops moving altogether!
You hear the faint crackling of a melting archway very nearby.
There is a stone staircase leading up here.
Casting: Stone Arrow (safe; 0% risk of failure)
Confirm with . or Enter, or press ? or * to list all spells.
Aiming: Petrify (safe; 1% risk of failure)
Press: ? - help, Shift-Dir - straight line, f/p - komodo dragon
Aim: a komodo dragon (lightly wounded, chance to affect: 67%)
The komodo dragon is moving more slowly.
* * * LOW HITPOINT WARNING * * *
The komodo dragon stops moving altogether!
The +10 mace of Gluttony {venom, rElec Will+} begins to drip with poison!
a - the +10 mace of Gluttony (weapon)
{venom, rElec Will+} The helpless komodo dragon fails to defend itself.
You hit the komodo dragon but do no damage.
The komodo dragon is poisoned.
The komodo dragon is lightly wounded.
The helpless komodo dragon fails to defend itself.
You hit the komodo dragon but do no damage.
The komodo dragon looks as sick as possible!
The komodo dragon is lightly wounded.
The helpless komodo dragon fails to defend itself.
You hit the komodo dragon but do no damage.
The komodo dragon looks as sick as possible!
The komodo dragon is lightly wounded.
The komodo dragon is no longer petrified.
Casting: Petrify (safe; 1% risk of failure)
Confirm with . or Enter, or press ? or * to list all spells.
Aiming: Petrify (safe; 1% risk of failure)
Press: ? - help, Shift-Dir - straight line, f/p - komodo dragon
Aim: a komodo dragon (moderately wounded, very poisoned, chance to affect: 67%)
The komodo dragon struggles to resist.
* * * LOW HITPOINT WARNING * * *
The komodo dragon bites you!!
You die...

, ,
...........#..............#.
,
............................
............................
.......$.†......P...........
#...............#...........
*
.#......†...#...?...........
#....#.#.#...........P.#...
.......###.l#.....†.......##
, #.....#*
#.@#....#...P.##... , ,,
......* ##.<.........###...
.....,,* ##................
,, *#..., ,
#.#............... , ... ,
...............P... ,
,,...............##... ,
,.................#.... ,
,,......................
.........8......#.....


You could see a komodo dragon (very poisoned).

Vanquished Creatures
  Rupert (Lair:4)
  Nessos (Lair:4)
  2 hydras
  2 two-headed ogres
  A dancing weapon (Volcano)
  4 death yaks
  4 wizards (Volcano)
  4 toenail golems (Volcano)
  A black mamba (Lair:2)
  6 cane toads
  An unseen horror (D:7)
  Maggie (D:8)
  A kobold demonologist (D:7)
  7 komodo dragons
  Psyche (D:9)
  2 rime drakes
  A troll (D:9)
  A hornet (D:7)
  9 blink frogs
  6 wyverns
  15 yaks
  Menkaure (D:6)
  An acid dragon (D:7)
  Edmund (D:6)
  4 nagas (Lair:2)
  8 water moccasins
  4 orc warriors
  2 ogres
  A sky beast (D:5)
  4 black bears
  2 centaurs
  6 wolves (Lair:1)
  A kobold brigand (D:8)
  9 bullfrogs
  A gnoll sergeant (D:10)
  3 necrophages (D:4)
  A scorpion (D:5)
  8 wights
  5 killer bees (D:10)
  A howler monkey (D:9)
  2 electric eels
  5 jellies
  5 orc priests
  2 hounds
  4 iguanas
  6 orc wizards
  A hell rat (Sewer)
  8 adders
  12 gnolls
  3 river rats
  A shadow imp (D:7)
  3 white imps
  4 worms
  3 dart slugs
  29 orcs
  3 endoplasms (D:1)
  11 giant cockroaches
  3 goblins
  6 hobgoblins
  7 kobolds
  2 quokkas
  5 ball pythons
  2 bats
  3 frilled lizards
  13 rats
277 creatures vanquished.

Vanquished Creatures (collateral kills)
  A hydra (Lair:5)
  6 death yaks
  Nergalle (D:10)
  A wizard (Volcano)
  A toenail golem (Volcano)
  A black mamba (Lair:1)
  A cane toad (Lair:5)
  2 rime drakes
  2 komodo dragons (Lair:3)
  A polar bear (Lair:5)
  9 blink frogs
  A shadow (D:10)
  3 basilisks
  18 yaks
  2 water moccasins
  2 wolves (Lair:1)
  A bullfrog (Lair:4)
  A gnoll sergeant (D:9)
  An iguana (Lair:3)
  A gnoll (D:9)
56 creatures vanquished.

Vanquished Creatures (others)
  27 fungi
  32 plants
  6 snaplasher vines
  A withered plant (D:3)
66 creatures vanquished.

Grand Total: 399 creatures vanquished

Notes
Turn   | Place    | Note
-------+----------+-------------------------------------------
     0 | D:1      | oldmanjim the Djinni Earth Elementalist began the quest for
                  | the Orb.
     0 | D:1      | oldmanjim set off with the following spells memorised:
                  | Sandblast, Passwall, Stone Arrow, Petrify.
     0 | D:1      | Reached XP level 1. HP: 15/15 MP: 0/0
   203 | D:1      | Reached XP level 2. HP: 20/21 MP: 0/0
   513 | D:1      | Reached skill level 3 in Spellcasting
   677 | D:2      | Found Refod's Antique Armour Shoppe.
   801 | D:2      | Reached XP level 3. HP: 22/25 MP: 0/0
   801 | D:2      | Learned a level 1 spell: Sting
   924 | D:2      | Reached XP level 4. HP: 20/31 MP: 0/0
  1286 | D:2      | Reached skill level 4 in Spellcasting
  1518 | D:3      | Reached XP level 5. HP: 26/35 MP: 0/0
  1518 | D:3      | Learned a level 2 spell: Momentum Strike
  1634 | D:3      | Identified the +6 sling "Huroaz" {vorpal, *Slow rF+ Str+2}
  2193 | D:3      | Found a faded altar of an unknown god.
  2255 | D:3      | Found a runed translucent door.
  2256 | D:3      | Noticed Sweetruy1997's ghost (amateur DsCK)
  2357 | D:4      | Reached skill level 1 in Fighting
  2357 | D:4      | Reached XP level 6. HP: 39/42 MP: 0/0
  2357 | D:4      | Found a staircase to the Ecumenical Temple.
  2370 | Temple   | Entered the Ecumenical Temple
  2488 | Temple   | Became a worshipper of Ashenzari the Shackled
  2565 | D:4      | Noticed an ogre
  2580 | D:4      | Killed an ogre
  2581 | D:4      | Reached skill level 5 in Spellcasting
  2677 | D:4      | Reached XP level 7. HP: 38/49 MP: 0/0
  2677 | D:4      | Learned a level 3 spell: Mephitic Cloud
  2999 | D:5      | Entered Level 5 of the Dungeon
  3129 | D:5      | Found a burning altar of Makhleb.
  3129 | D:5      | Found a bloodstained altar of Trog.
  3129 | D:5      | Found a blossoming altar of Fedhas.
  3130 | D:5      | Found a hazy altar of Hepliaklqana.
  3130 | D:5      | Found a glowing golden altar of the Shining One.
  3133 | D:5      | Found an iron altar of Okawaru.
  3352 | D:5      | Reached XP level 8. HP: 55/58 MP: 0/0
  3906 | D:6      | Noticed Edmund
  3907 | D:6      | Reached * piety under Ashenzari
  3914 | D:5      | Reached skill level 6 in Spellcasting
  3992 | D:6      | Found a glowing drain.
  4024 | Sewer    | Entered a sewer
  4265 | D:6      | Killed Edmund
  4469 | D:6      | Reached skill level 5 in Dodging
  4476 | D:6      | Reached XP level 9. HP: 56/66 MP: 0/0
  4476 | D:6      | Learned a level 3 spell: Ignite Poison
  4532 | D:6      | Reached skill level 7 in Spellcasting
  4603 | D:6      | Noticed Menkaure
  4608 | D:6      | Killed Menkaure
  4746 | D:6      | Found a runed translucent door.
  4747 | D:6      | Noticed Crazy Yiuf
  5192 | D:7      | Reached skill level 5 in Fighting
  5192 | D:7      | Reached skill level 1 in Ranged Weapons
  5348 | D:7      | Noticed a kobold demonologist
  5406 | D:6      | Upgraded the game from 0.30-a0-311-gf115ab0292 to
                  | 0.30-a0-322-g102857c98e
  5864 | D:7      | Noticed a hornet
  5868 | D:7      | Killed a hornet
  6082 | D:7      | Killed a kobold demonologist
  6083 | D:7      | Reached skill level 8 in Spellcasting
  6243 | D:7      | Noticed an unseen horror
  6248 | D:7      | Killed an unseen horror
  6249 | D:7      | Reached skill level 1 in Evocations
  6249 | D:7      | Reached XP level 10. HP: 64/76 MP: 0/0
  6660 | D:8      | Found a runed translucent door.
  6878 | D:8      | Noticed Maggie
  6988 | D:8      | Killed Maggie
  7281 | D:8      | Identified the +10 mace of Gluttony {venom, rElec Will+}
  7457 | D:9      | Reached ** piety under Ashenzari
  7520 | D:9      | Reached skill level 9 in Spellcasting
  7888 | D:9      | Noticed Psyche
  7895 | D:9      | Killed Psyche
  8244 | D:9      | Reached XP level 11. HP: 53/86 MP: 0/0
  8244 | D:9      | Learned a level 5 spell: Summon Forest
  8263 | D:9      | Found a staircase to the Lair.
  8452 | D:9      | Found a transporter.
  8568 | D:9      | Noticed a two-headed ogre
  8572 | D:9      | Killed a two-headed ogre
  8822 | D:10     | Entered Level 10 of the Dungeon
  8902 | D:10     | Noticed Nergalle
  8908 | D:10     | Killed Nergalle
  9802 | D:10     | Noticed a two-headed ogre
  9810 | D:10     | Killed a two-headed ogre
  9935 | D:10     | Identified a scroll of acquirement
 10309 | Lair:1   | Entered Level 1 of the Lair of Beasts
 10329 | Lair:1   | Reached skill level 10 in Spellcasting
 10423 | Lair:1   | Found a dark tunnel.
 10428 | Volcano  | Entered a volcano
 10434 | Volcano  | Noticed a wizard
 10439 | Volcano  | Killed a wizard
 10517 | Volcano  | Noticed a wizard
 10517 | Volcano  | Noticed a toenail golem
 10518 | Volcano  | Noticed a wizard
 10535 | Volcano  | Noticed a wizard
 10540 | Volcano  | Noticed a wizard
 10540 | Volcano  | Noticed a toenail golem
 10541 | Volcano  | Noticed a toenail golem
 10547 | Volcano  | Killed a toenail golem
 10548 | Volcano  | Killed a toenail golem
 10548 | Volcano  | Killed a wizard
 10549 | Volcano  | Reached XP level 12. HP: 51/95 MP: 0/0
 10554 | Volcano  | Reached skill level 11 in Spellcasting
 10908 | Volcano  | Noticed a +0 mace of flaming
 10915 | Volcano  | Killed a +0 mace of flaming
 11330 | Lair:1   | Acquired the ring "Gabeynt" {Wiz rC+ Int+3}
 11669 | Lair:1   | Reached skill level 5 in Evocations
 11885 | Lair:1   | Reached skill level 10 in Fighting
 12305 | Lair:2   | Found a staircase to the Snake Pit.
 12348 | Lair:2   | Reached XP level 13. HP: 88/102 MP: 0/0
 12348 | Lair:2   | Learned a level 5 spell: Yara's Violent Unravelling
 12555 | Lair:2   | Noticed a six-headed hydra
 12560 | Lair:2   | Killed a six-headed hydra
 13119 | Lair:3   | Noticed a four-headed hydra
 13131 | Lair:3   | Killed a four-headed hydra
 13132 | Lair:3   | Reached skill level 12 in Spellcasting
 13456 | Lair:3   | Found a staircase to the Swamp.
 14808 | Lair:3   | Reached skill level 10 in Dodging
 15568 | Lair:4   | Noticed Nessos
 15581 | Lair:4   | Killed Nessos
 15752 | Lair:4   | Reached XP level 14. HP: 96/112 MP: 0/0
 16128 | Lair:4   | Reached *** piety under Ashenzari
 16220 | Lair:4   | Noticed Rupert
 16252 | Lair:4   | Killed Rupert
 16708 | D:2      | Bought a pair of gloves for 117 gold pieces
 16708 | D:2      | Bought a runed orb for 312 gold pieces
 16933 | Lair:5   | Entered Level 5 of the Lair of Beasts
 16946 | Lair:5   | Reached skill level 1 in Armour
 16956 | Lair:5   | Found a runed translucent door.
 16999 | Lair:5   | Found a frozen archway.
 17055 | Lair:5   | Reached skill level 13 in Spellcasting
 17100 | Lair:5   | Mangled by a komodo dragon

Illustrated notes

Levels and vault maps discovered:
D:1:      dpeg_arrival_stonehenge_8_columns, layout_basic, serial_bayou_lake_a
D:2:      layout_basic, serial_shops, nicolae_square_shop
D:3:      minmay_roachtagon, layout_loops_ring,
          mainiacjoe_overflow_surrounded_room, gammafunk_ghost_grave,
          shapermc_ecumenical_altar_hornbeckon
D:4:      layout_cave_pools, minmay_temple_entry_sparse_star
D:5:      layout_cave_pods, grunt_temple_overflow_open
D:6:      layout_loops_ring, cheibrodos_sewer_entry_sluice, uniq_menkaure,
          uniq_edmund, uniq_crazy_yiuf_cottage
D:7:      layout_basic, minmay_misc_feat_hallway, minmay_crystal_water,
          kb_rosetta
D:8:      layout_rooms, lightli_church_of_beogh, uniq_maggie
D:9:      layout_stronghold, lair_entry_dummy, grunt_ministairs_4,
          nicolae_diode_basic, uniq_psyche
D:10:     layout_stronghold, uniq_nergalle
Temple:   nicolae_temple_two_arcs
Lair:1:   layout_misc_corridors, enter_volcano_4
Lair:2:   layout_small_grid, minmay_snake_entry_guardpost_medium
Lair:3:   layout_big_grid, minmay_swamp_entry_reptiles, grunt_megastairs_5
Lair:4:   layout_roguey, serial_bayou_shore_a, infiniplex_staircase_pool,
          grunt_megastairs_4, uniq_nessos, uniq_rupert
Lair:5:   evilmike_catoblepas_cave, layout_gridlike, slime_entry_2,
          portal_ice_cave_entry_pillars_2, dreamdust_wasp_nest

Skill      XL: |  1  2  3  4  5  6  7  8  9 10 11 12 13 14 |
---------------+-------------------------------------------+-----
Spellcasting   | 3 4 5 6 8 9 10 11 12 13 | 13.0
Fighting       | 1 2 4 6 8 9 10 11 12 | 12.2
Dodging        | 5 8 10 | 10.0
Ranged Weapons | 2 |  2.0
Evocations     | 1 3 4 5 7 8 |  8.3
Armour         | 2 |  2.4
Stealth        | |  1.5

Action                   |  1- 3 |  4- 6 |  7- 9 | 10-12 | 13-15 || total
-------------------------+-------+-------+-------+-------+-------++-------
Melee: Mace              |       |       |       |    17 |     6 ||    23
       Sling             |       |       |       |     1 |       ||     1
       Punch             |       |       |       |     1 |       ||     1
 Fire: Sling             |       |    42 |    96 |   125 |    55 ||   318
 Cast: Sandblast         |    37 |    36 |    24 |    55 |    11 ||   163
       Stone Arrow       |       |    10 |    49 |   112 |   128 ||   299
       Petrify           |       |       |     9 |    19 |    12 ||    40
       Mephitic Cloud    |       |       |     1 |    11 |     1 ||    13
       Ignite Poison     |       |       |     1 |     4 |     1 ||     6
       Summon Forest     |       |       |       |    11 |    16 ||    27
Invok: Curse Item        |       |       |     2 |     1 |     2 ||     5
       Shatter the Chain |       |       |       |       |     1 ||     1
  Use: Scroll            |       |       |     1 |     2 |     3 ||     6
       Potion            |       |       |       |       |     1 ||     1
 Stab: Petrified         |       |       |       |       |     6 ||     6
Armor: Robe              |     1 |     4 |     7 |    16 |       ||    28
       Fire dragon scale |       |       |       |       |    19 ||    19
Dodge: Dodged            |     6 |    30 |    18 |    71 |    33 ||   158

Table legend: (Time is in decaauts)
 A = Elapsed time spent in this place.
 B = Non-inter-level travel time spent in this place.
 C = Inter-level travel time spent in this place.
 D = Time resting spent in this place.
 E = Time spent auto-exploring this place.
 F = Levels seen in this place.
 G = Mean time per level.
                   A        B        C        D        E       F      G
               +--------+--------+--------+--------+--------+-----+--------+
         Total |  17318 |  16336 |    982 |   2315 |  10807 |  18 |  962.1 |
       Dungeon |  10401 |   9705 |    696 |    885 |   7122 |  10 | 1040.1 |
        Temple |    127 |     97 |     30 |      0 |     87 |   1 |  127.0 |
          Lair |   5666 |   5410 |    256 |    975 |   3454 |   5 | 1133.2 |
         Sewer |    232 |    232 |      0 |    120 |     57 |   1 |  232.0 |
       Volcano |    889 |    889 |      0 |    335 |     87 |   1 |  889.0 |
               +--------+--------+--------+--------+--------+-----+--------+

Top non-repeatable levels by time:
  Lair:3: 2155 daAuts
     D:7: 1598 daAuts
    D:10: 1484 daAuts
     D:9: 1454 daAuts
  Lair:2: 1192 daAuts
     D:6: 1176 daAuts
  Lair:1: 1075 daAuts
  Lair:4: 1072 daAuts
     D:5: 982 daAuts
     D:3: 898 daAuts
 Volcano: 889 daAuts
     D:2: 795 daAuts
     D:1: 781 daAuts
     D:8: 654 daAuts
     D:4: 576 daAuts
